Map: Golden Wall LE

Players

Future

  • Race: Terran Terran
  • Spawn Location: 7:00

Nina - Winner!

  • Race: Protoss Protoss
  • League: Grandmaster
  • Spawn Location: 5:00

Event: DreamHack SC2 Masters 2020 Summer North America

VOD

Have the link to the VOD?

Description

Time

  • Played on: July 3, 2020, 5:37 p.m.
  • Length: 22:13

All games in this series

Show
View Real Time Build Order
Export as new Build Order

Future Terran 

Build Orders: Reaper Expand 

Get SALT Encoding   

  12  0:00  SCV  
  13  0:12  SCV  
  14  0:17  Supply Depot  
  14  0:25  SCV  
  15  0:39  SCV, Barracks  
  16  0:43  Refinery  
  16  0:51  SCV  
  17  1:03  SCV  
  18  1:15  SCV  
  19  1:26  Reaper  
  19  1:27  Orbital Command  
  20  1:48  Command Center  
  20  1:53  SCV  
  21  1:55  Barracks  
  21  2:00  Barracks Reactor  
  21  2:05  SCV  
  22  2:12  Supply Depot  
  22  2:16  Refinery  
  22  2:17  SCV  
  23  2:27  Factory  
  23  2:33  SCV  
  24  2:39  Marine x2  
  26  2:45  SCV, Barracks Tech Lab  
  27  2:57  SCV, Marine x2  
  30  3:00  Orbital Command  
  30  3:06  Stimpack  
  31  3:17  Marine x3  
  33  3:22  Starport  
  33  3:25  Factory Reactor  
  33  3:27  SCV  
  33  3:28  SCV  
  35  3:35  Marine x3  
  35  3:40  Supply Depot  
  38  3:41  SCV  
  38  3:46  SCV  
  40  3:53  Marine x3  
  40  3:54  SCV  
  43  4:04  SCV  
  43  4:06  SCV  
  36  4:10  Medivac x2  
  45  4:14  Supply Depot  
  45  4:16  SCV, Marine  
  51  4:17  Marine  
  51  4:18  SCV  
  51  4:19  Marine  
  51  4:21  Factory Tech Lab  
  54  4:24  Supply Depot  
  54  4:35  Marine x2  
  54  4:36  SCV x2  
  54  4:37  Marine  
  59  4:41  Siege Tank  
  62  4:46  Barracks  
  62  4:48  SCV x2  
  62  4:52  Engineering Bay  
  64  4:55  Refinery  
  64  4:58  Marine  
  64  4:59  Marine  
  66  5:00  SCV x2  
  66  5:01  Marine  
  66  5:05  Supply Depot  
  69  5:11  Combat Shield  
  69  5:12  SCV x2  
  60  5:24  SCV  
  60  5:26  Siege Tank  
  60  5:27  Viking, SCV  
  62  5:30  Marine x3  
  62  5:34  Supply Depot  
  62  5:35  Marine x2  
  67  5:36  SCV  
  67  5:39  SCV  
  69  5:45  Supply Depot  
  69  5:46  Refinery  
  69  5:48  Marine x3  
  72  5:51  Terran Infantry Weapons Level 1  
  72  5:52  Marine  
  73  6:01  Marine  
  72  6:04  Siege Tank  
  72  6:05  SCV, Marine  
  72  6:06  Marine x2  
  72  6:09  SCV  
  76  6:13  Marine  
  76  6:18  SCV  
  75  6:21  Marine  
  75  6:22  SCV  
  75  6:23  Marine x2  
  75  6:24  Supply Depot, Starport Reactor  
  79  6:27  Marine  
  79  6:31  Marine  
  81  6:36  SCV x2, Siege Tank  
  81  6:38  Supply Depot  
  81  6:39  Marine  
  86  6:41  Marine x2  
  86  6:45  Marine  
  90  6:49  Marine  
  90  6:52  Supply Depot  
  91  6:57  Marine  
  91  6:59  Marine x2  
  94  7:03  Marine  
  94  7:04  Liberator  
  94  7:07  Marine  
  99  7:09  Liberator  
  99  7:15  Marine  
  103  7:17  Marine x2  
  103  7:20  Siege Tank  
  103  7:21  Marine  
  109  7:25  Supply Depot x2  
  109  7:30  Marine  
  109  7:33  Marine  
  109  7:35  Marine  
  112  7:40  Marine  
  112  7:41  Marine  
  113  7:47  Marine, Liberator  
  113  7:51  Marine  
  98  7:52  Siege Tank, Liberator  
  98  7:53  Marine  
  103  7:58  Marine  
  103  7:59  Marine  
  103  8:03  Terran Infantry Armor Level 1  
  105  8:05  Marine  
  106  8:19  Marine  
  94  8:22  Marine  
  94  8:25  Siege Tank  
  94  8:26  Marine  
  84  8:32  Medivac  
  78  8:34  Marine x2  
  78  8:35  Medivac  
  78  8:37  Marine  
  83  8:46  Marine x2  
  85  8:52  Command Center  
  85  8:55  Barracks  
  85  8:56  Barracks  
  85  8:57  SCV x2  
  85  9:01  Marauder, Marine x2  
  91  9:04  Viking  
  93  9:11  Viking  
  95  9:19  Siege Tank  
  95  9:20  SCV x2  
  95  9:22  Marauder  
  102  9:24  Marine x4  
  106  9:42  Marine x4  
  106  9:44  Marauder  
  106  9:45  Barracks Tech Lab x2  
  112  9:49  Ghost Academy  
  84  9:52  Viking x2  
  116  10:00  Siege Tank  
  116  10:04  Orbital Command  
  116  10:05  Marauder  
  121  10:08  Marauder x2, Refinery  
  121  10:09  Marine x2  
  127  10:17  Marine  
  124  10:24  Enhanced Shockwaves  
  124  10:27  Marauder  
  126  10:29  Marauder  
  126  10:30  Marauder  
  128  10:36  Marine x4  
  128  10:37  Viking x2  
  128  10:42  Supply Depot x2  
  136  10:52  Ghost x3  
  136  10:54  Marine x2  
  136  10:55  Marine  
  145  11:05  Supply Depot  
  145  11:07  Medivac x2, Marine, Supply Depot  
  150  11:11  Marine  
  150  11:12  Marine  
  150  11:16  Marine  
  153  11:21  Marauder x3  
  159  11:30  Marine x3  
  162  11:37  Viking x2  
  166  11:42  Marauder  
  166  11:43  Marauder x2  
  172  11:49  Marine x2, Siege Tank  
  174  12:04  Marauder x3, Command Center  
  179  12:19  Viking  
  179  12:21  Armory, Engineering Bay  
  181  12:37  Viking, Marauder, Marine, Siege Tank  
  181  12:41  Marine  
  188  12:44  Marauder  
  188  12:46  Marauder  
  182  12:59  Marauder  
  182  13:00  Viking  
  182  13:03  Marine  
  182  13:04  Marine  
  188  13:06  Marauder  
  188  13:12  Viking  
  189  13:14  Marauder  
  189  13:18  Marine x2  
  137  13:20  Marauder, Siege Tank  
  137  13:22  Marine x2  
  131  13:28  Marauder  
  131  13:30  Medivac  
  132  13:35  Marauder, Marine  
  132  13:36  Marine  
  132  13:40  Terran Infantry Weapons Level 2  
  136  13:41  Terran Infantry Armor Level 2  
  136  13:42  Medivac, Marauder  
  136  13:43  SCV x2  
  136  13:47  Missile Turret  
  142  13:54  Missile Turret, Marine  
  121  13:58  Marine  
  121  13:59  Siege Tank  
  121  14:06  Marine x2  
  121  14:08  Marauder  
  125  14:11  Marauder  
  125  14:17  Concussive Shells, Marauder, Marine  
  125  14:20  Marine  
  127  14:27  Medivac  
  127  14:28  Marine  
  127  14:29  Marauder  
  117  14:38  Marine x2  
  107  14:39  Medivac  
  107  14:41  Siege Tank  
  107  14:44  Marauder  
  114  14:46  Marauder  
  114  14:48  Marine  
  114  14:49  Marine  
  118  14:56  Marine  
  118  14:57  Medivac, Marine  
  118  14:58  Marauder  
  119  15:00  Planetary Fortress  
  119  15:05  Marine  
  118  15:07  Missile Turret  
  118  15:10  Sensor Tower  
  118  15:13  Marine x2, Sensor Tower  
  120  15:20  Refinery  
  120  15:21  Refinery  
  120  15:23  Marauder  
  120  15:26  Marauder  
  120  15:27  Marauder, Marine  
  127  15:35  Marine x3  
  128  15:40  Viking x2  
  134  15:45  Marine  
  134  15:47  Ghost  
  137  15:51  Marauder x2  
  137  15:53  Marine x2  
  137  15:54  Marine  
  144  16:05  Command Center  
  144  16:17  Marauder x2  
  144  16:18  Marine x3  
  148  16:24  Marauder  
  138  16:30  Viking x2  
  138  16:31  Marine  
  137  16:36  Marine  
  137  16:37  Ghost x2  
  137  16:39  Siege Tank  
  143  16:44  Ghost  
  145  16:56  Marine x3  
  145  16:57  Command Center, Barracks  
  148  17:07  SCV  
  142  17:11  Ghost x2  
  146  17:21  Ghost, Marine  
  146  17:22  Marine x3  
  154  17:32  Viking x2  
  156  17:46  Barracks  
  156  17:49  Marauder  
  142  17:52  Marauder  
  142  17:53  Marine  
  142  17:55  Marine  
  115  17:58  Ghost  
  115  17:59  Marine x2  
  115  18:02  Medivac  
  115  18:04  Medivac  
  112  18:09  Barracks Tech Lab  
  112  18:10  Ghost, Orbital Command  
  112  18:11  Marine  
  115  18:13  Marauder  
  115  18:14  Marine  
  109  18:30  Ghost x2  
  100  18:34  Ghost  
  100  18:37  Marine x2  
  100  18:38  Barracks Tech Lab  
  104  18:45  SCV x2  
  104  18:46  Missile Turret  
  107  18:52  Planetary Fortress  
  107  18:55  SCV  
  103  19:04  SCV x2  
  103  19:05  SCV  
  103  19:09  Marauder  
  107  19:14  Marauder  
  111  19:17  Marauder  
  111  19:21  Marauder x2  
  111  19:23  Marine  
  116  19:26  Marine x2  
  116  19:27  Marine  
  116  19:30  Viking  
  121  19:34  Viking  
  121  19:38  SCV x3  
  125  19:39  SCV  
  125  19:41  Refinery  
  125  19:43  SCV  
  129  19:51  SCV  
  129  19:52  SCV x2  
  132  19:53  Refinery  
  131  20:06  Viking  
  170  20:07  Viking  
  133  20:08  Marauder x3  
  141  20:15  Marauder  
  141  20:16  Marauder, Marine x4  
  149  20:30  Marauder x3  
  149  20:34  Marine x2  
  157  20:37  Marauder, Personal Cloaking  
  157  20:40  Ghost Academy  
  159  20:51  Marauder  
  159  20:52  Command Center  
  159  20:54  Marine x3  
  159  20:55  Marine  
  165  20:59  Marauder x2  
  165  21:03  Marauder  
  165  21:04  Marauder  
  173  21:10  Viking x2  
  177  21:21  Marauder x2, Marine  
  177  21:23  Marine  
  177  21:24  Marine  
  184  21:27  Missile Turret  
  184  21:29  Sensor Tower  
Show
View Real Time Build Order
Export as new Build Order

Nina Protoss - Winner!

Build Orders: 1 Gate Expand, Colossus Rush 

Get SALT Encoding   

  12  0:00  Probe  
  13  0:12  Probe  
  14  0:18  Pylon  
  14  0:24  Probe  
  15  0:32  Probe  
  15  0:37  Gateway  
  15  0:40  Probe  
  16  0:48  Assimilator  
  17  0:51  Probe  
  18  1:03  Probe  
  19  1:15  Probe  
  20  1:26  Cybernetics Core  
  20  1:35  Nexus  
  20  1:45  Pylon  
  20  1:46  Probe  
  21  1:49  Assimilator  
  21  1:53  Adept  
  21  1:58  Probe  
  24  2:09  Warp Gate  
  24  2:10  Probe  
  24  2:14  Adept  
  25  2:22  Probe  
  28  2:32  Robotics Facility  
  28  2:35  Probe  
  29  2:45  Probe  
  29  2:46  Stalker  
  29  2:47  Probe  
  33  2:53  Probe  
  34  2:59  Probe  
  34  3:01  Probe  
  34  3:05  Gateway  
  35  3:11  Probe x2  
  37  3:17  Pylon  
  37  3:19  Probe  
  38  3:20  Observer  
  38  3:23  Probe  
  41  3:31  Probe  
  42  3:34  Robotics Bay  
  42  3:35  Probe  
  43  3:42  Observer  
  43  3:44  Probe  
  43  3:48  Probe  
  46  3:54  Warp Prism  
  46  3:56  Probe  
  46  4:00  Probe  
  46  4:04  Observer  
  46  4:05  Forge  
  46  4:08  Probe, Observer  
  49  4:12  Probe, Assimilator x2  
  49  4:13  Pylon  
  50  4:17  Gateway, Colossus  
  50  4:20  Probe  
  50  4:23  Gravitic Drive  
  52  4:24  Probe  
  52  4:32  Probe  
  59  4:43  Shield Battery  
  59  4:45  Sentry, Pylon  
  61  4:51  Gateway  
  61  4:54  Pylon  
  61  5:02  Protoss Ground Weapons Level 1  
  61  5:03  Stalker  
  61  5:05  Probe  
  64  5:09  Stalker  
  64  5:10  Probe  
  66  5:23  Probe  
  66  5:28  Stalker x2  
  71  5:29  Probe  
  71  5:35  Probe  
  73  5:40  Observer  
  73  5:41  Pylon  
  74  5:44  Pylon  
  74  5:46  Nexus  
  74  5:47  Twilight Council  
  74  5:49  Sentry  
  75  6:15  Observer  
  75  6:17  Zealot x4, Colossus  
  75  6:18  Probe  
  84  6:19  Probe, Observer  
  84  6:22  Pylon  
  91  6:30  Extended Thermal Lance  
  91  6:33  Pylon, Gateway  
  91  6:36  Probe, Gateway  
  92  6:40  Probe  
  93  6:48  Probe  
  93  6:51  Stalker x2  
  93  6:52  Sentry  
  101  6:54  Probe, Pylon  
  101  6:58  Stalker  
  101  7:00  Probe  
  104  7:02  Probe  
  104  7:04  Pylon  
  105  7:10  Probe  
  105  7:14  Shield Battery  
  104  7:18  Zealot x3  
  104  7:20  Protoss Ground Armor Level 1  
  110  7:24  Disruptor  
  110  7:29  Zealot x2  
  117  7:33  Stalker  
  119  7:42  Stalker x3  
  114  7:54  Stalker x2  
  114  7:55  Colossus  
  106  7:58  Probe  
  106  7:59  Probe  
  106  8:01  Twilight Council  
  114  8:10  Zealot x4  
  122  8:17  Probe  
  101  8:32  Charge, Zealot x4  
  101  8:33  Zealot x2  
  105  8:35  Probe x2  
  105  8:37  Assimilator  
  105  8:40  Templar Archives  
  107  8:43  Assimilator  
  107  8:46  Immortal  
  107  8:49  Probe  
  107  8:52  Probe  
  109  8:58  Probe  
  114  9:03  Gateway  
  114  9:07  Gateway  
  114  9:17  Stalker x3  
  114  9:18  Stalker  
  114  9:22  Shield Battery  
  122  9:26  Sentry x2  
  126  9:32  Photon Cannon  
  126  9:33  Psionic Storm  
  126  9:35  Photon Cannon  
  126  9:36  Photon Cannon  
  126  9:39  Nexus  
  124  9:57  Stalker x4  
  124  9:59  Colossus  
  132  10:07  Pylon  
  132  10:10  Pylon  
  138  10:17  Stalker x2  
  140  10:23  Pylon  
  140  10:24  Pylon  
  140  10:27  High Templar  
  142  10:29  High Templar  
  142  10:33  Shield Battery  
  142  10:35  Shield Battery  
  143  10:37  Probe  
  143  10:38  Stalker x2  
  146  10:45  High Templar  
  146  10:47  Photon Cannon  
  148  10:52  Forge  
  148  10:59  Probe x3  
  148  11:00  Probe  
  148  11:02  Photon Cannon  
  152  11:05  Blink  
  152  11:06  High Templar x2  
  152  11:11  Probe x3  
  158  11:12  Probe  
  160  11:23  Probe x3  
  160  11:24  Probe  
  164  11:32  Gateway  
  164  11:34  Gateway  
  164  11:35  Probe x2, High Templar  
  164  11:36  Probe x2, Zealot x2, High Templar  
  176  11:41  Archon, Assimilator x2  
  176  11:46  Robotics Facility  
  174  11:49  Zealot x2  
  178  11:59  Zealot x4  
  183  12:10  High Templar  
  183  12:11  High Templar  
  183  12:13  Protoss Ground Weapons Level 2  
  183  12:15  Pylon  
  187  12:16  Pylon, Archon  
  187  12:18  Protoss Ground Armor Level 2  
  187  12:25  Pylon  
  187  12:35  High Templar x2  
  191  12:37  Zealot x3  
  191  12:39  Zealot x2  
  187  12:53  Zealot x3  
  187  12:57  Colossus  
  193  13:08  Zealot x4  
  191  13:16  Archon  
  131  13:20  Zealot x6  
  131  13:21  Archon  
  131  13:26  Colossus  
  104  13:30  Zealot x4  
  106  13:42  Zealot x6  
  106  13:47  Zealot x2  
  108  13:49  Colossus  
  108  13:54  Zealot x2  
  95  13:59  Stalker x5  
  95  14:05  Zealot x3  
  101  14:16  Zealot x2  
  103  14:23  Zealot x3  
  103  14:24  Zealot x2  
  109  14:29  Zealot x2  
  93  14:34  Stalker  
  81  14:38  Stalker x2  
  81  14:44  High Templar x4  
  89  14:48  Archon x2  
  84  14:53  Colossus  
  78  15:02  High Templar x4  
  78  15:06  Archon x2  
  92  15:09  Probe  
  92  15:10  Probe  
  92  15:13  High Templar x2  
  98  15:14  Probe  
  98  15:17  High Templar  
  101  15:23  Zealot  
  101  15:25  Sentry  
  105  15:35  High Templar  
  105  15:36  Protoss Ground Armor Level 3  
  105  15:41  Warp Prism  
  107  15:49  Pylon  
  109  15:57  Nexus  
  109  16:02  High Templar  
  109  16:03  Pylon  
  111  16:06  Zealot  
  111  16:10  Zealot  
  115  16:15  Zealot x2  
  101  16:33  Twilight Council  
  101  16:42  Zealot x7  
  115  16:50  Zealot  
  115  16:53  Robotics Facility  
  115  17:12  Protoss Ground Weapons Level 3  
  115  17:13  Templar Archives  
  115  17:17  Zealot x3  
  115  17:18  Sentry  
  123  17:28  Zealot x3  
  129  17:30  Probe  
  129  17:32  Probe  
  129  17:33  Probe  
  132  17:41  Zealot x3  
  106  18:03  Probe  
  106  18:04  High Templar x3  
  106  18:05  Probe, High Templar x2  
  118  18:10  Assimilator  
  118  18:11  Zealot, Assimilator  
  120  18:18  Zealot x2  
  124  18:26  Colossus  
  122  18:33  Stalker  
  116  18:38  Stalker x3  
  116  18:39  Stalker  
  116  18:40  Probe  
  131  18:43  Probe x2  
  131  18:44  Probe  
  134  18:49  Zealot x3  
  140  18:56  Robotics Facility  
  140  19:04  Shield Battery, High Templar  
  140  19:06  Pylon  
  140  19:07  High Templar  
  142  19:10  Colossus, Photon Cannon  
  148  19:27  Zealot  
  148  19:31  Nexus  
  150  19:33  Observer  
  150  19:34  Observer  
  150  19:35  Pylon  
  150  19:41  High Templar x2  
  154  19:46  Disruptor  
  154  19:47  Archon  
  154  19:50  Photon Cannon  
  157  19:52  Photon Cannon  
  157  19:57  High Templar  
  159  20:03  Zealot x4  
  167  20:10  Shield Battery  
  167  20:14  Disruptor  
  167  20:19  Gateway  
  170  20:23  Disruptor  
  173  20:28  Gateway  
  173  20:30  High Templar  
  175  20:41  Pylon  
  175  20:44  Dark Shrine  
  175  20:50  Disruptor  
  175  20:53  Photon Cannon  
  178  20:58  Assimilator, Disruptor  
  181  21:06  Zealot  
  183  21:22  Photon Cannon  
  183  21:25  Disruptor  
  183  21:26  Photon Cannon  
  186  21:34  Disruptor  
  173  21:42  Archon  
  113  21:56  Stalker x9  
  113  21:57  Stalker  
Tags
 
Add a new tag
Caveats
  • Supply blocks, unpowered buildings, or Contaminate may cause inaccurate times.
  • Supply counts are checked every 10 seconds.